 Dungeon Crawl Stone Soup version 0.27.1-3-gb3d3a73c9e (webtiles) character file.

Game seed: 18279305572071662136

238 pkoi the Slasher (level 5, -26/46 HPs)
             Began as a Minotaur Gladiator on Oct 7, 2021.
             Annihilated by a lorocyproca (33 damage)
             ... on level 2 of the Abyss.
             The game lasted 00:03:08 (3500 turns).

pkoi the Slasher (Minotaur Gladiator)               Turns: 3500, Time: 00:03:08

Health: -26/46     AC:  4    Str: 19    XL:     5   Next: 78%
Magic:  4/4        EV: 13    Int:  5    God:
Gold:   126        SH:  0    Dex: 12    Spells: 4/4 levels left

rFire    . . .     SeeInvis .   j - +0 short sword (elec)
rCold    . . .     Faith    .   (no shield)
rNeg     . . .     Spirit   .   b - +0 leather armour
rPois    .         Reflect  .   c - +1 hat
rElec    .         Harm     .   (no cloak)
rCorr    .         Rampage  .   (no gloves)
Will     .....                  (no boots)
Stlth    +.........             m - amulet of the acrobat
HPRegen  0.15/turn              (no ring)
MPRegen  0.09/turn              (no ring)

@: no status effects
A: horns 2, retaliatory headbutt
a: no special abilities


You were on level 2 of the Abyss.
You visited 1 branch of the dungeon, and saw 4 of its levels.
You visited the Abyss 1 time.

You collected 126 gold pieces.

Inventory:

Hand Weapons
 a - a +0 long sword
 i - a +1 dagger of venom
 j - a +0 short sword of electrocution (weapon)
Missiles
 d - 4 throwing nets (quivered)
Armour
 b - a +0 leather armour (worn)
 c - a +1 hat (worn)
Jewellery
 m - an amulet of the acrobat (around neck)
Wands
 k - a wand of polymorph (3)
 n - a wand of mindburst (9)
Scrolls
 e - 2 scrolls of teleportation
 r - a scroll of identify
 t - a scroll of summoning {unknown}
Potions
 f - 5 potions of curing {unknown}
 g - a potion of brilliance
 h - a potion of flight {unknown}
 l - a potion of attraction {unknown}
 o - a potion of heal wounds {unknown}
 p - a potion of invisibility {unknown}
 q - a potion of might
 s - 2 potions of lignification {unknown}


   Skills:
 + Level 4.1 Fighting
 * Level 6.2 Long Blades
 - Level 2.0 Throwing
 + Level 4.5 Dodging


You had 4 spell levels left.
You didn't know any spells.
Your spell library was empty.

Dungeon Overview and Level Annotations

Branches:
Dungeon (4/15)
 Temple: D:4-7

Altars:


Innate Abilities, Weirdness & Mutations

You have a pair of horns on your head.
You reflexively headbutt those who attack you in melee.


Message History

Space bends around you.
* * * LOW HITPOINT WARNING * * *
You hit the adder but do no damage. Lightning courses through the adder!
You kill the adder!
Something hits you but does no damage.
You are cast into the Abyss!
To return, you must find a gate leading back.
Killing monsters will force the Abyss to allow you passage.
This branch contains the abyssal rune of Zot.
Reactivating autopickup.
Unknown command.
Unknown command.
Found 24 arrows.
Found a scroll labelled FEEDOE XITWUO.
An ice beast comes into view.
You see here a scroll labelled FEEDOE XITWUO.
t - a scroll labelled FEEDOE XITWUO The ice beast completely misses you.
The ice beast closely misses you. The ice beast completely misses you.
Found 16 stones.
Found 30 gold pieces.
Found 26 gold pieces.
The ice beast completely misses you.
There is an open door here.
You completely miss the ice beast. You headbutt the ice beast.
The ice beast is lightly wounded.
The ice beast hits you.
* * * LOW HITPOINT WARNING * * *
The ice beast freezes you!
* * * LOW HITPOINT WARNING * * *
You closely miss the ice beast. You headbutt the ice beast!
The ice beast is heavily wounded.
Deactivating autopickup; reactivate with Ctrl-A.
You miss something.
Unknown command.
You closely miss something. Something hits you but does no damage.
You hit something but do no damage. Something hits you!!
Ouch! That really hurt!
You die...

.... #..# ........
...#..### ..#..#. ...
# .# ..... ... . .
... ... ..... #.# #
#.#.8.... # #@##
........
#.(##{#######...... .
#....Y.....#.... ##..
##..$#...............
#. ............ .
...#. .....###.... ..
#..$#. . .....##...##
. ###.#. .......### #
. ##............. .


You could see an ice beast.

Vanquished Creatures
  Natasha (thrice) (D:2)
  Robin (D:2)
  4 gnolls (D:3)
  3 adders
  An adder skeleton (D:2)
  2 dart slugs
  2 orcs (D:4)
  2 bats
  5 endoplasms
  2 giant cockroaches (D:4)
  10 goblins
  10 hobgoblins
  7 jackals (D:1)
  2 quokkas
  5 ball pythons
  4 frilled lizards
  8 kobolds
  3 rats
74 creatures vanquished.

Notes
Turn   | Place    | Note
-------+----------+-------------------------------------------
     0 | D:1      | pkoi the Minotaur Gladiator began the quest for the Orb.
     0 | D:1      | Reached XP level 1. HP: 18/18 MP: 0/0
    46 | D:1      | Reached skill level 4 in Long Blades
    94 | D:1      | Reached XP level 2. HP: 23/25 MP: 1/1
   959 | D:1      | Reached XP level 3. HP: 28/30 MP: 2/2
  1097 | D:2      | Noticed Natasha
  1109 | D:2      | Killed Natasha
  1425 | D:2      | Reached skill level 5 in Long Blades
  1425 | D:2      | Reached XP level 4. HP: 27/38 MP: 3/3
  1529 | D:2      | Noticed Natasha
  1590 | D:2      | Killed Natasha
  1852 | D:2      | Noticed Robin
  2390 | D:2      | Killed Robin
  2621 | D:2      | Noticed Natasha
  2625 | D:2      | Killed Natasha
  2626 | D:2      | Reached XP level 5. HP: 46/46 MP: 4/4
  2662 | D:2      | Found a faded altar of an unknown god.
  3043 | D:3      | Reached skill level 6 in Long Blades
  3466 | D:4      | Cast into level 2 of the Abyss (orc wizard)
  3483 | Abyss:2  | Noticed an ice beast
  3500 | Abyss:2  | Annihilated by a lorocyproca

Illustrated notes

Levels and vault maps discovered:
D:1:      dpeg_arrival_simpleton_c, layout_basic
D:2:      layout_rooms, hellmonk_ecumenical_altar_blasted, uniq_robin,
          uniq_natasha
D:3:      layout_rooms, minmay_hedge_maze
D:4:      layout_loops_cross, pf_just_have_faith, jmf_multi_god_temple2,
          temple_statues
Abyss:2:  base: D:1, minivault_19, minivault_25, hangedman_abyss_or_decor_slice

Skill      XL: |  1  2  3  4  5 |
---------------+----------------+-----
Long Blades    | 4 5 6 |  6.2
Fighting       | 3 4 |  4.1
Dodging        | 4 |  4.5
Throwing       | |  2.0

Action                   |  1- 3 |  4- 6 || total
-------------------------+-------+-------++-------
Melee: Long sword        |    47 |       ||    47
       Headbutt          |     6 |    20 ||    26
       Dagger            |    14 |    22 ||    36
       Unarmed           |     2 |     2 ||     4
       Short sword       |       |    73 ||    73
  Use: Scroll            |       |     3 ||     3
Armor: Leather armour    |    16 |    29 ||    45
Dodge: Dodged            |    42 |    68 ||   110
       Rpst.: Long sword |    13 |       ||    13
